 Dungeon Crawl Stone Soup version 0.29-a0-356-g7bc237e783 (webtiles) character file.

Game seed: 1917544759232901385

1837 lunkers the Frost Mage (level 9, -7/55 (59) HPs)
             Began as a Merfolk Ice Elementalist on Apr 25, 2022.
             Killed from afar by an orc (8 damage)
             ... with an iceblast
             ... on level 5 of the Dungeon.
             The game lasted 00:11:20 (5618 turns).

lunkers the Frost Mage (Merfolk Ice Elementalist)   Turns: 5618, Time: 00:11:21

HP:   -7/55 (59)    AC:  6    Str:  8    XL:     9   Next: 11%
MP:   2/18          EV: 13    Int: 19    God:
Gold: 219           SH:  0    Dex: 14    Spells: 9/20 levels left

rFire   . . .      SeeInvis .   o - +2 quarterstaff (chaos)
rCold   . . .      Faith    .   (shield currently unavailable)
rNeg    . . .      Spirit   .   q - +2 robe {Will+}
rPois   +          Reflect  .   f - +0 hat
rElec   .          Harm     .   i - +0 cloak
rCorr   .          Rampage  .   k - +0 pair of gloves
Will    +....                   (no boots)
Stlth   ++........              (no amulet)
HPRegen 0.18/turn               s - ring of poison resistance
MPRegen 0.16/turn               (no ring)

@: drained
A: (nimble swimmer 2), mertail
a: no special abilities


You were on level 5 of the Dungeon.
You visited 1 branch of the dungeon, and saw 5 of its levels.

You collected 219 gold pieces.

Inventory:

Hand Weapons
 j - a +2 spear of venom
 m - a +3 dagger of venom
 o - a +2 quarterstaff of chaos (weapon)
Missiles
 u - a throwing net
Armour
 f - a +0 hat (worn)
 i - a +0 cloak (worn)
 k - a +0 pair of gloves (worn)
 q - a +2 robe of willpower (worn)
Magical Staves
 n - a staff of conjuration
Jewellery
 s - a ring of poison resistance (left hand)
Scrolls
 e - a scroll of silence {unknown}
 g - a scroll of fear {unknown}
 l - a scroll of enchant weapon {unknown}
 t - a scroll of identify
Potions
 a - a potion of lignification {unknown}
 b - 2 potions of magic
 c - a potion of cancellation {unknown}
 d - 3 potions of haste
 h - 4 potions of curing
 p - a potion of heal wounds {unknown}
 r - a potion of berserk rage {unknown}


   Skills:
 + Level 1.0 Fighting
 + Level 3.1 Dodging
 - Level 2.1 Stealth
 + Level 6.1 Spellcasting
 * Level 11.2 Ice Magic


You had 9 spell levels left.
You knew the following spells:

 Your Spells              Type           Power      Damage    Failure   Level
a - Freeze                Ice            100%       1d11      1%          1
b - Frozen Ramparts       Ice            96%        1d11      1%          3
c - Ozocubu's Armour      Ice            48%        N/A       1%          3
d - Hailstorm             Conj/Ice       27%        3d7       11%         4

Your spell library contained the following spells:

 Spells                   Type           Power      Damage    Failure   Level
 Sublimation of Blood     Necr           5%         N/A       17%         2
 Wereblood                Tmut           5%         N/A       17%         2
 Flame Wave               Conj/Fire      5%         2d5       73%         4
 Starburst                Conj/Fire      2%         6d3       100%        6
 Summon Hydra             Summ           2%         N/A       100%        7


Dungeon Overview and Level Annotations

Branches:
Dungeon (5/15)
 Temple: D:4-7

Altars:

Shops:
D:1 :


Innate Abilities, Weirdness & Mutations

((You are very nimble when in or above water. (Stealth+, EV+, Speed+++)))
Your lower body shifts to a powerful aquatic tail in water.


Message History

* * * LOW HITPOINT WARNING * * *
Unknown command.
Your icy armour will break if you move.
Continue?
Okay, then.
Your icy armour will break if you move.
Continue?
Okay, then.
Unknown command.
An orc is nearby!
An orc is nearby!
An orc is nearby!
Your icy armour will break if you move.
Continue?
You barely miss something. Something hits you but does no damage.
Your icy armour will break if you move.
Continue?
You miss something. Something hits you but does no damage.
Your icy armour will break if you move.
Continue?
You hit something. Something hits you!
* * * LOW HITPOINT WARNING * * *
Something barely misses you.
Your icy armour will break if you move.
Continue?
You barely miss something. Something hits you.
* * * LOW HITPOINT WARNING * * *
Your icy armour will break if you move.
Continue?
You barely miss something. Something hits you.
* * * LOW HITPOINT WARNING * * *
You feel drained.
* * * LOW HITPOINT WARNING * * *
An orc comes into view. It is wielding a +0 hand axe.
Your icy armour will break if you move.
Continue?
The orc shouts!
You hit something. You freeze something. Something barely misses you.
Something hits you but does no damage. The orc closely misses you.
Your icy armour will break if you move.
Continue?
Something completely misses you.
Your icy armour cracks and falls away as you move.
The orc closely misses you.
Items here: )))) รทรท.
The orc attacks as you move away! The orc hits you with a +0 club.
* * * LOW HITPOINT WARNING * * *
The orc zaps a wand.
The mass of ice explodes!
The iceblast engulfs you!
You die...

.#.###...............
.....................
.....................
#...............#....
#.##..#........## #.#
.#...o........# #
#........)#.###
###.....))####
##....)o)@.#
#.....<#........
#...#####......# ####
......# .......
#.....# ..#..# ####.)


You could see 2 orcs.

Vanquished Creatures
  Pikel (D:4)
  Edmund (D:4)
  An orc warrior (D:4)
  2 centaurs
  Blork the orc (D:4)
  A gnoll sergeant (D:5)
  2 scorpions
  3 killer bees (D:5)
  A hound (D:5)
  3 orc priests
  Crazy Yiuf (D:4)
  3 iguanas (D:4)
  Jessica (D:3)
  Terence (D:3)
  6 orc wizards
  3 adders
  9 gnolls
  A shadow imp (D:4)
  An ufetubus (D:3)
  2 dart slugs (D:2)
  17 orcs
  7 ball pythons
  6 endoplasms
  3 giant cockroaches
  6 goblins
  A hobgoblin (D:2)
  2 jackals (D:1)
  4 quokkas
  3 bats
  2 frilled lizards
  6 kobolds
  6 rats
107 creatures vanquished.

Vanquished Creatures (others)
  An orc wizard (D:5)
1 creature vanquished.

Grand Total: 108 creatures vanquished

Notes
Turn   | Place    | Note
-------+----------+-------------------------------------------
     0 | D:1      | lunkers the Merfolk Ice Elementalist began the quest for
                  | the Orb.
     0 | D:1      | Reached XP level 1. HP: 13/13 MP: 3/3
    64 | D:1      | Found Lapn's Book Shop.
    97 | D:1      | Reached XP level 2. HP: 11/19 MP: 1/5
   162 | D:1      | Got the Catalogue of Ignition
   325 | D:1      | Reached skill level 5 in Ice Magic
   869 | D:1      | Found a faded altar of an unknown god.
  1201 | D:1      | Reached XP level 3. HP: 24/24 MP: 3/6
  1239 | D:2      | Learned a level 3 spell: Frozen Ramparts
  2297 | D:3      | Reached XP level 4. HP: 30/30 MP: 3/7
  2301 | D:3      | Learned a level 3 spell: Ozocubu's Armour
  2527 | D:3      | Reached skill level 6 in Ice Magic
  2804 | D:3      | Noticed Jessica
  2815 | D:3      | Killed Jessica
  2816 | D:3      | Reached XP level 5. HP: 35/35 MP: 1/9
  3064 | D:3      | Noticed a centaur
  3250 | D:3      | Killed a centaur
  3251 | D:3      | Reached skill level 7 in Ice Magic
  3251 | D:3      | Reached XP level 6. HP: 13/41 MP: 3/11
  3471 | D:3      | Noticed Terence
  3484 | D:3      | Killed Terence
  3855 | D:4      | Noticed Pikel
  3863 | D:4      | Killed Pikel
  3864 | D:4      | Reached skill level 9 in Ice Magic
  3864 | D:4      | Reached XP level 7. HP: 26/46 MP: 1/13
  4064 | D:4      | Reached XP level 8. HP: 34/52 MP: 6/15
  4067 | D:4      | Reached skill level 5 in Spellcasting
  4077 | D:4      | Noticed Blork the orc
  4207 | D:4      | Killed Blork the orc
  4308 | D:4      | Found a runed translucent door.
  4309 | D:4      | Noticed Crazy Yiuf
  4365 | D:4      | Killed Crazy Yiuf
  4733 | D:4      | Noticed Edmund
  4741 | D:4      | Killed Edmund
  4742 | D:4      | Reached skill level 10 in Ice Magic
  5137 | D:5      | Entered Level 5 of the Dungeon
  5151 | D:4      | Learned a level 4 spell: Hailstorm
  5330 | D:5      | Reached skill level 11 in Ice Magic
  5331 | D:5      | Reached XP level 9. HP: 17/57 MP: 10/18
  5605 | D:5      | Reached skill level 1 in Fighting
  5615 | D:5      | HP: 2/55 [something (1)]
  5618 | D:5      | Killed from afar by an orc

Illustrated notes

Levels and vault maps discovered:
D:1:      lightli_molten_gateway, layout_loops_ring,
          shapermc_ecumenical_altar_starsandcircs, serial_shops, shop,
          minmay_tripent
D:2:      layout_loops_ring, minmay_3d_cube
D:3:      layout_basic, uniq_jessica, uniq_terence
D:4:      layout_basic, nicolae_concentric_dashed_squares_wild, hex_medium,
          minmay_misc_feat_enclosed, corexii_leaking_fountain,
          uniq_crazy_yiuf_cottage, uniq_edmund, uniq_pikel, uniq_blork_the_orc
D:5:      layout_cave_pools, grunt_decor_arrowhead

Skill      XL: |  1  2  3  4  5  6  7  8  9 |
---------------+----------------------------+-----
Ice Magic      | 5 6 7 9 11 | 11.2
Spellcasting   | 3 4 6 |  6.1
Dodging        | 3 |  3.1
Fighting       | 1 |  1.0
Stealth        | |  2.1

Action                   |  1- 3 |  4- 6 |  7- 9 || total
-------------------------+-------+-------+-------++-------
Melee: Unarmed           |    17 |       |       ||    17
       Spear             |       |    29 |     7 ||    36
       Quarterstaff      |       |       |    13 ||    13
 Cast: Freeze            |    51 |    29 |    39 ||   119
       Frozen Ramparts   |       |     5 |    11 ||    16
       Ozocubu's Armour  |       |     4 |     9 ||    13
       Hailstorm         |       |       |     3 ||     3
  Use: Scroll            |       |       |     3 ||     3
       Potion            |       |       |     1 ||     1
Armor: Robe              |     7 |     6 |    34 ||    47
Dodge: Dodged            |    46 |    25 |    69 ||   140

Table legend: (Time is in decaauts)
 A = Elapsed time spent in this place.
 B = Non-inter-level travel time spent in this place.
 C = Inter-level travel time spent in this place.
 D = Time resting spent in this place.
 E = Time spent auto-exploring this place.
 F = Levels seen in this place.
 G = Mean time per level.
                   A        B        C        D        E       F      G
               +--------+--------+--------+--------+--------+-----+--------+
         Total |   5628 |   5487 |    141 |    684 |   3929 |   5 | 1125.6 |
       Dungeon |   5628 |   5487 |    141 |    684 |   3929 |   5 | 1125.6 |
               +--------+--------+--------+--------+--------+-----+--------+

Top non-repeatable levels by time:
     D:3: 1864 daAuts
     D:4: 1420 daAuts
     D:1: 1111 daAuts
     D:2: 959 daAuts
     D:5: 271 daAuts
